 Dungeon Crawl Stone Soup version 0.27.1-33-g824d729ab1 (webtiles) character file.

Game seed: 281915642087457687

207 SensoryNuts the Skirmisher (level 5, -6/46 HPs)
             Began as a Draconian Monk on Dec 6, 2021.
             Was a Priest of Sif Muna.
             Killed from afar by an orc wizard (8 damage)
             ... with a magic dart
             ... on level 4 of the Dungeon.
             The game lasted 00:05:44 (3905 turns).

SensoryNuts the Skirmisher (Draconian Monk)         Turns: 3905, Time: 00:05:46

Health: -6/46      AC:  5    Str: 14    XL:     5   Next: 54%
Magic:  5/5        EV: 14    Int: 10    God:    Sif Muna [***...]
Gold:   159        SH:  0    Dex: 20    Spells: 4/4 levels left

rFire    . . .     SeeInvis .   f - staff of death
rCold    . . .     Faith    .   (no shield)
rNeg     + + .     Spirit   .   (armour unavailable)
rPois    .         Reflect  .   (helmet restricted)
rElec    .         Harm     .   (no cloak)
rCorr    .         Rampage  .   (no gloves)
Will     .....                  (no boots)
Stlth    +++.......             m - amulet of magic regeneration
HPRegen  0.15/turn              b - +6 ring of dexterity
MPRegen  0.34/turn              k - ring of positive energy

@: no status effects
A: AC +5, unfitting armour, cold-blooded
a: Renounce Religion, Channel Magic, Forget Spell


You were on level 4 of the Dungeon.
You worshipped Sif Muna.
Sif Muna was most pleased with you.
You visited 1 branch of the dungeon, and saw 4 of its levels.

You collected 159 gold pieces.

Inventory:

Hand Weapons
 a - a +0 mace
 q - a +0 flail
 r - a +0 hunting sling
Armour
 s - a +0 leather armour
Magical Staves
 f - a staff of death (weapon)
Jewellery
 b - a +6 ring of dexterity (left hand)
 k - a ring of positive energy (right hand)
 m - an amulet of magic regeneration (around neck)
 p - a ring of positive energy
Scrolls
 c - a scroll of identify
 d - a scroll of teleportation {unknown}


   Skills:
 + Level 3.9 Fighting
 + Level 3.7(4.0) Maces & Flails
 + Level 2.2(3.2) Staves
 + Level 3.7 Dodging
 + Level 2.9 Stealth
 + Level 1.0 Invocations


You had 4 spell levels left.
You didn't know any spells.
Your spell library contained the following spells:

 Spells                   Type           Power      Damage    Failure   Level
 Blink                    Tloc           N/A        N/A       50%         2
 Sublimation of Blood     Necr           0%         N/A       50%         2
 Lesser Beckoning         Tloc           0%         N/A       75%         3
 Petrify                  Tmut/Erth      0%         N/A       98%         4
 Irradiate                Conj/Tmut      0%         3d13      100%        5
 Manifold Assault         Tloc           0%         N/A       100%        5


Dungeon Overview and Level Annotations

Branches:
Dungeon (4/15)
 Temple: D:4-7

Altars:
Sif Muna


Innate Abilities, Weirdness & Mutations

Your plain brown scales are hard. (AC +5)
You cannot fit into any form of body armour.
You are cold-blooded and may be slowed by cold attacks.


Message History

The orc wizard hits you with a +0 dagger.
The orc hits you with a +0 war axe! The kobold misses you.
You completely miss the orc.
Your tail-slap misses the orc.
The orc wizard barely misses you. The orc hits you with a +0 war axe.
The kobold misses you.
You hit the orc but do no damage. The orc wizard closely misses you.
The orc hits you with a +0 war axe. The kobold barely misses you.
You hit the orc. You tail-slap the orc.
You kill the orc!
Sif Muna accepts your kill.
The orc wizard points at you and mumbles some strange words.
The puff of flame hits you!
* * * LOW HITPOINT WARNING * * *
The kobold hits you with a +0 club.
* * * LOW HITPOINT WARNING * * *
The orc wizard barely misses you. The kobold closely misses you.
You see here a +0 war axe.
The orc wizard hits you but does no damage.
The kobold throws a stone.
The stone barely misses you. The orc wizard closely misses you.
The kobold throws a stone.
The stone misses you.
Things that are here:
a +0 club; an orc corpse The orc wizard barely misses you.
The orc wizard misses you. The kobold closely misses you.
Things that are here:
a +0 club; an orc corpse You hit the orc wizard.
You tail-slap the orc wizard.
The orc wizard is heavily wounded.
The orc wizard points at you and mumbles some strange words.
The puff of flame hits you!
* * * LOW HITPOINT WARNING * * *
The kobold hits you but does no damage.
You hit the orc wizard. You tail-slap the orc wizard.
The orc wizard is almost dead.
The orc wizard hits you but does no damage.
The kobold closely misses you.
The orc wizard points at you and mumbles some strange words.
The magic dart hits you!
You die...

#......##.......#
#......###8.<.8## ..
#.....#####...####..
####..####.#####.#..#
.....####..........#
..#### #.........#
.....###.#.......# ###
####...).........#####....
#.####.##....@o........
#..# #.##.....K........
..... ..##..............
###### #..................
##.#####.##........ #..
...####...... ### #....
...... #.....# #.....
..##. .....


You could see an orc wizard and a kobold.

Vanquished Creatures
  A necrophage (D:4)
  A hound skeleton (D:4)
  6 adders
  A dart slug (D:1)
  3 orcs
  6 bats
  3 endoplasms
  4 giant cockroaches
  3 hobgoblins
  8 kobolds
  2 quokkas
  2 ball pythons
  4 frilled lizards
  2 goblins
  7 rats
53 creatures vanquished.

Notes
Turn   | Place    | Note
-------+----------+-------------------------------------------
     0 | D:1      | SensoryNuts the Draconian Monk began the quest for the Orb.
     0 | D:1      | Reached XP level 1. HP: 19/19 MP: 1/1
   146 | D:1      | Found a faded altar of an unknown god.
   166 | D:1      | Became a worshipper of Sif Muna the Loreminder
   166 | D:1      | Reached * piety under Sif Muna
   166 | D:1      | Reached ** piety under Sif Muna
   478 | D:1      | Reached XP level 2. HP: 26/26 MP: 2/2
  1284 | D:2      | Reached XP level 3. HP: 20/31 MP: 3/3
  1700 | D:2      | Reached *** piety under Sif Muna
  2114 | D:2      | Reached skill level 1 in Invocations
  2114 | D:2      | Reached XP level 4. HP: 34/39 MP: 4/4
  2415 | D:3      | Found a glowing drain.
  2877 | D:3      | Reached skill level 1 in Staves
  3468 | D:4      | Noticed a necrophage
  3485 | D:4      | Killed a necrophage
  3486 | D:4      | Reached XP level 5. HP: 8/46 MP: 5/5
  3904 | D:4      | HP: 2/46 [orc wizard/puff of flame (8)]
  3905 | D:4      | Killed from afar by an orc wizard

Illustrated notes

Levels and vault maps discovered:
D:1:      nicolae_arrival_somewhat_less_tricky_arrival, layout_basic,
          shapermc_ecumenical_altar_totnotflames
D:2:      layout_loops_ring
D:3:      layout_basic, portal_sewer_entry_d, amcnicky_mini_pool_small
D:4:      layout_rooms, grunt_ministairs_7, minmay_box_of_dots

Skill      XL: |  1  2  3  4 |
---------------+-------------+-----
Dodging        | 3 |  3.7
Stealth        | 2 |  2.9
Invocations    | 1 |  1.0
Staves         | 2 |  2.2
Fighting       | |  3.9
Maces & Flails | |  3.7

Action                   |  1- 3 |  4- 6 || total
-------------------------+-------+-------++-------
Melee: Mace              |    39 |       ||    39
       Tailslap          |    17 |    22 ||    39
       Staff             |    87 |   111 ||   198
Invok: Channel Magic     |     4 |       ||     4
  Use: Potion            |       |     6 ||     6
       Scroll            |       |     4 ||     4
 Stab: Sleeping          |     3 |     6 ||     9
Armor: Skin              |    57 |    43 ||   100
Dodge: Dodged            |    95 |   146 ||   241
